 Dungeon Crawl Stone Soup version 0.26-a0-611-g354ed81502 (webtiles) character file.

Game seed: 17928831325663029861

1831 Gargoyl the Skirmisher (level 9, -2/73 HPs)
             Began as a Gnoll Abyssal Knight on Sept 7, 2020.
             Was a Priest of Lugonu.
             Killed from afar by an electric eel (4 damage)
             ... with a bolt of electricity
             ... on level 6 of the Dungeon.
             The game lasted 00:07:39 (6117 turns).

Gargoyl the Skirmisher (Gnoll Abyssal Knight)       Turns: 6117, Time: 00:07:40

Health: -2/73      AC: 17    Str: 17    XL:     9   Next: 11%
Magic:  14/14      EV:  8    Int: 20    God:    Lugonu [***...]
Gold:   195        SH: 10    Dex: 16    Spells: 15/15 levels left

rFire    . . .     SeeInvis .   a - +5 hand axe
rCold    . . .     Faith    .   f - +1 kite shield
rNeg     . . .     Spirit   .   c - +0 chain mail
rPois    .         Reflect  .   l - +2 helmet of the Demon Prince {Rampage MR+ Int+4}
rElec    .         Harm     .   (no cloak)
rCorr    .                      (no gloves)
MR       +....                  (no boots)
Stlth    ..........             (no amulet)
HPRegen  0.22/turn              t - +4 ring of protection
MPRegen  0.14/turn              (no ring)

@: lightly drained
A: distributed training, fangs 1, clever 1, sturdy frame 1, strong nose
a: Depart the Abyss, Bend Space, Banish, Renounce Religion


You were on level 6 of the Dungeon.
You worshipped Lugonu.
Lugonu was most pleased with you.
You visited 1 branch of the dungeon, and saw 6 of its levels.
You visited the Abyss 1 time.

You collected 491 gold pieces.
You spent 296 gold pieces at shops.

Inventory:

Hand Weapons
 a - a +5 hand axe (weapon)
Missiles
 o - 2 boomerangs (quivered)
Armour
 c - a +0 chain mail (worn)
 f - a +1 kite shield (worn)
 l - the +2 helmet of the Demon Prince (worn) {Rampage MR+ Int+4}
   (You took it off Robin on level 3 of the Dungeon)

   It affects your intelligence (+4).
   It affects your resistance to hostile enchantments.
   It bestows one free step when moving towards enemies.
Jewellery
 t - a +4 ring of protection (left hand)
Wands
 j - a wand of disintegration (19)
 m - a wand of paralysis (6)
 n - a wand of digging (4)
 p - a wand of random effects (10)
Scrolls
 d - a scroll of blinking
 g - 4 scrolls of identify
 h - 8 scrolls of teleportation
 q - a scroll of remove curse
 s - a scroll of acquirement {unknown}
Potions
 b - 2 potions of heal wounds
 e - a potion of lignification
 i - 2 potions of curing
 k - a potion of degeneration
 r - a potion of berserk rage {unknown}
 u - a potion of flight {unknown}


   Skills:
 + Level 7.7(7.3) Fighting
 + Level 3.9(3.6) Short Blades
 + Level 3.9(3.6) Long Blades
 + Level 6.1(5.7) Axes
 + Level 3.9(3.6) Maces & Flails
 + Level 3.9(3.6) Polearms
 + Level 3.9(3.6) Staves
 + Level 3.9(3.6) Slings
 + Level 3.9(3.6) Bows
 + Level 3.9(3.6) Crossbows
 + Level 3.9(3.6) Throwing
 + Level 6.1(5.7) Armour
 + Level 4.7(4.4) Dodging
 + Level 3.9(3.6) Stealth
 + Level 3.9(3.6) Shields
 + Level 3.9(3.6) Unarmed Combat
 + Level 3.9(3.6) Spellcasting
 + Level 3.2(2.9) Conjurations
 + Level 3.2(2.9) Hexes
 + Level 3.2(2.9) Summonings
 + Level 3.2(2.9) Necromancy
 + Level 3.2(2.9) Translocations
 + Level 3.2(2.9) Transmutations
 + Level 3.2(2.9) Fire Magic
 + Level 3.2(2.9) Ice Magic
 + Level 3.2(2.9) Air Magic
 + Level 3.2(2.9) Earth Magic
 + Level 3.2(2.9) Poison Magic
 + Level 6.3(6.0) Invocations
 + Level 3.9(3.6) Evocations


You had 15 spell levels left.
You didn't know any spells.
Your spell library contained the following spells:

 Spells                   Type           Power        Failure   Level
 Foxfire                  Conj/Fire      ###.         77%         1
 Magic Dart               Conj           ###.         77%         1
 Blink                    Tloc           N/A          88%         2
 Call Imp                 Summ           ###.....     88%         2
 Slow                     Hex            ###.....     88%         2
 Conjure Flame            Conj/Fire      ###.....     98%         3
 Inner Flame              Hex/Fire       ###.....     98%         3
 Mephitic Cloud           Conj/Pois/Air  ###.....     98%         3
 Sticky Flame             Conj/Fire      ###.....     100%        4
 Fireball                 Conj/Fire      ###.......   100%        5


Dungeon Overview and Level Annotations

Branches:
Dungeon (6/15)
 Temple: D:4-7

Altars:
Cheibriados
Gozag
Okawaru
Uskayaw
Vehumet

Shops:
D:5 ?


Innate Abilities, Weirdness & Mutations

Your experience applies equally to all skills.
You have very sharp teeth.
Your uncanny sense of smell can sniff out nearby items.
Your mind is acute. (Int +2)
Your movements are slightly less encumbered by armour. (ER -2)


Message History

Aim: an electric eel (chance to defeat MR: 89%)
You fail to use your ability.
The electric eel shoots out a bolt of lightning at you!
The bolt of electricity hits the electric eel.
The electric eel completely resists.
The bolt of electricity hits the plant!
The bolt of electricity hits you!
The electric eel shoots out a bolt of lightning at you!
The bolt of electricity hits the plant!
The bolt of electricity hits you.
* * * LOW HITPOINT WARNING * * *
The electric eel shoots out a bolt of lightning at you!
The bolt of electricity hits the plant!
The bolt of electricity hits you.
* * * LOW HITPOINT WARNING * * *
The electric eel shoots out a bolt of lightning at you!
The bolt of electricity hits the plant!
The bolt of electricity hits you.
* * * LOW HITPOINT WARNING * * *
The electric eel shoots out a bolt of lightning at you!
The bolt of electricity hits the plant!
The bolt of electricity hits you!
* * * LOW HITPOINT WARNING * * *
The bolt of electricity hits you.
You die...

##.##.##.#####≈###### #....
#.....####≈≈≈##≈≈...###....
####### #≈≈.;;######.##....
#[!?!;##≈≈≈##≈#....
#≈P≈P.#≈≈.≈≈#≈#####
#P..≈.#..≈≈.#≈# #
#.....#.≈≈≈.#≈#####
#.....#P..≈.#≈#....
###@..##.....#.#....
#..#####.....#.#....
##...≈≈##'..##.#####
#####≈..####.## ###..≈≈≈##
#######


You could see 3 electric eels.

Vanquished Creatures
  A shadow (D:6)
  An ice beast (D:5)
  4 ogres
  3 centaurs
  A crocodile (D:6)
  A bullfrog (D:6)
  3 scorpions
  3 wights (D:6)
  An electric eel (D:6)
  A hound (D:5)
  3 orc wizards (D:5)
  A bullfrog skeleton (D:4)
  Jessica (D:2)
  Ijyb (D:3)
  3 iguanas
  A worker ant (D:4)
  A hound skeleton (D:6)
  Robin (D:3)
  4 gnolls (D:3)
  4 adders
  An ufetubus (D:5)
  An adder zombie (D:5)
  2 dart slugs (D:3)
  5 leopard geckos
  6 orcs
  6 giant cockroaches
  14 goblins
  8 hobgoblins
  11 jackals
  5 quokkas
  A ball python skeleton (D:3)
  5 bats
  6 frilled lizards
  3 kobolds
  2 leopard gecko skeletons
  A quokka skeleton (D:6)
  4 rats
120 creatures vanquished.

Vanquished Creatures (others)
  15 plants
15 creatures vanquished.

Grand Total: 135 creatures vanquished

Notes
Turn   | Place    | Note
-------+----------+-------------------------------------------
     0 | Abyss:1  | Gargoyl the Gnoll Abyssal Knight began the quest for the
                  | Orb.
     0 | Abyss:1  | Reached XP level 1. HP: 23/23 MP: 3/3
     2 | Abyss:1  | Found a corrupted altar of Lugonu.
   171 | Abyss:1  | Noticed a small abomination
   189 | Abyss:1  | Noticed a chaos spawn
   199 | Abyss:1  | Noticed a thrashing horror
   201 | Abyss:1  | Noticed a smoke demon
   202 | D:1      | Escaped the Abyss
   247 | D:1      | Reached * piety under Lugonu
   307 | D:1      | Reached XP level 2. HP: 29/29 MP: 5/5
   906 | D:2      | Noticed Jessica
   911 | D:2      | HP: 1/29 [adder (3)]
   921 | D:2      | Reached XP level 3. HP: 33/35 MP: 6/6
   922 | D:2      | Killed Jessica
   922 | D:2      | Reached skill level 1 in Short Blades
   922 | D:2      | Reached skill level 1 in Long Blades
   922 | D:2      | Reached skill level 1 in Maces & Flails
   922 | D:2      | Reached skill level 1 in Polearms
   922 | D:2      | Reached skill level 1 in Staves
   922 | D:2      | Reached skill level 1 in Slings
   922 | D:2      | Reached skill level 1 in Bows
   922 | D:2      | Reached skill level 1 in Crossbows
   922 | D:2      | Reached skill level 1 in Throwing
   922 | D:2      | Reached skill level 1 in Stealth
   922 | D:2      | Reached skill level 1 in Shields
   922 | D:2      | Reached skill level 1 in Unarmed Combat
   922 | D:2      | Reached skill level 1 in Spellcasting
   922 | D:2      | Reached skill level 1 in Evocations
   922 | D:2      | Reached XP level 4. HP: 39/41 MP: 7/7
   947 | D:2      | Found a snail-covered altar of Cheibriados.
  1714 | D:3      | Reached skill level 1 in Conjurations
  1714 | D:3      | Reached skill level 1 in Hexes
  1714 | D:3      | Reached skill level 1 in Summonings
  1714 | D:3      | Reached skill level 1 in Necromancy
  1714 | D:3      | Reached skill level 1 in Translocations
  1714 | D:3      | Reached skill level 1 in Transmutations
  1714 | D:3      | Reached skill level 1 in Fire Magic
  1714 | D:3      | Reached skill level 1 in Ice Magic
  1714 | D:3      | Reached skill level 1 in Air Magic
  1714 | D:3      | Reached skill level 1 in Earth Magic
  1714 | D:3      | Reached skill level 1 in Poison Magic
  1721 | D:3      | Reached XP level 5. HP: 23/47 MP: 8/8
  1930 | D:3      | Identified the +2 helmet of the Demon Prince {Rampage MR+
                  | Int+4}
  1930 | D:3      | Noticed Robin
  1938 | D:3      | Reached ** piety under Lugonu
  1944 | D:3      | Killed Robin
  2372 | D:3      | Found a snail-covered altar of Cheibriados.
  2374 | D:3      | Noticed Ijyb
  2389 | D:3      | Paralysed by Ijyb for 6 turns
  2395 | D:3      | Killed Ijyb
  3162 | D:4      | Noticed an ogre
  3180 | D:3      | Killed an ogre
  3180 | D:3      | Reached skill level 5 in Invocations
  3180 | D:3      | Reached XP level 6. HP: 38/53 MP: 9/9
  3318 | D:4      | Reached skill level 5 in Axes
  3318 | D:4      | Reached skill level 5 in Armour
  3802 | D:4      | Reached XP level 7. HP: 59/59 MP: 10/10
  3886 | D:4      | Gained mutation: Your movements are slightly less
                  | encumbered by armour. (ER -2) [potion of mutation]
  3886 | D:4      | Gained mutation: Your mind is acute. (Int +2) [potion of
                  | mutation]
  4028 | D:4      | Found an iron altar of Okawaru.
  4043 | D:4      | Reached skill level 7 in Fighting
  4228 | D:5      | Entered Level 5 of the Dungeon
  4612 | D:5      | Reached *** piety under Lugonu
  4758 | D:5      | Found Orismaid's Magic Scroll Emporium.
  4768 | D:5      | Reached XP level 8. HP: 67/67 MP: 12/12
  4774 | D:5      | Bought a scroll of enchant weapon for 82 gold pieces
  4774 | D:5      | Bought a scroll of enchant weapon for 82 gold pieces
  4774 | D:5      | Bought 3 scrolls of teleportation for 99 gold pieces
  4774 | D:5      | Bought a scroll of teleportation for 33 gold pieces
  4912 | D:5      | Found a radiant altar of Vehumet.
  4925 | D:5      | Found an opulent altar of Gozag.
  5245 | D:6      | Found a hide-covered altar of Uskayaw.
  5246 | D:6      | Noticed a +0 dagger
  5246 | D:6      | Noticed a +0 dagger
  5715 | D:6      | Noticed a shadow
  5732 | D:6      | Killed a shadow
  5732 | D:6      | Reached XP level 9. HP: 32/73 MP: 14/14
  6117 | D:6      | HP: 2/73 [electric eel/bolt of electricity (7)]
  6117 | D:6      | Killed from afar by an electric eel

Illustrated notes

Levels and vault maps discovered:
D:1:      elethiomel_arrival_maze, layout_basic
D:2:      layout_basic, marbit_many_paths, serial_bayou_lagoon_b, uniq_jessica
D:3:      layout_basic, cheibriados_altar_1, uniq_robin, uniq_ijyb
D:4:      layout_gridville, okawaru_metal_pillars_1_2, minivault_1, minivault_19
D:5:      layout_loops_ring, grunt_temple_overflow_open, serial_shops,
          shop_fountains, minmay_misc_feat_nine_boxes, minmay_strange_pillars
D:6:      cheibrodos_two_vegetables, layout_basic, dancing_weapons_uskayaw,
          moated_statue

Skill      XL: |  1  2  3  4  5  6  7  8 |
---------------+-------------------------+-----
Short Blades   | 1 2 3 |  3.9
Long Blades    | 1 2 3 |  3.9
Maces & Flails | 1 2 3 |  3.9
Polearms       | 1 2 3 |  3.9
Staves         | 1 2 3 |  3.9
Slings         | 1 2 3 |  3.9
Bows           | 1 2 3 |  3.9
Crossbows      | 1 2 3 |  3.9
Throwing       | 1 2 3 |  3.9
Stealth        | 1 2 3 |  3.9
Shields        | 1 2 3 |  3.9
Unarmed Combat | 1 2 3 |  3.9
Spellcasting   | 1 2 3 |  3.9
Evocations     | 1 2 3 |  3.9
Conjurations   | 1 2 3 |  3.2
Hexes          | 1 2 3 |  3.2
Summonings     | 1 2 3 |  3.2
Necromancy     | 1 2 3 |  3.2
Translocations | 1 2 3 |  3.2
Transmutations | 1 2 3 |  3.2
Fire Magic     | 1 2 3 |  3.2
Ice Magic      | 1 2 3 |  3.2
Air Magic      | 1 2 3 |  3.2
Earth Magic    | 1 2 3 |  3.2
Poison Magic   | 1 2 3 |  3.2
Dodging        | 3 4 |  4.7
Invocations    | 5 6 |  6.3
Axes           | 5 6 |  6.1
Armour         | 5 6 |  6.1
Fighting       | 7 |  7.7

Action                   |  1- 3 |  4- 6 |  7- 9 || total
-------------------------+-------+-------+-------++-------
Melee: Hand axe          |    49 |   189 |   188 ||   426
       Bite              |     3 |    22 |    23 ||    48
       Punch             |       |     1 |       ||     1
Invok: Depart the Abyss  |     1 |       |       ||     1
       Banish            |       |       |     2 ||     2
Evoke: Wand              |       |       |     4 ||     4
  Use: Scroll            |     5 |     9 |     7 ||    21
       Potion            |     2 |       |     1 ||     3
 Stab: Paralysed         |       |       |     9 ||     9
Armor: Chain mail        |    40 |   116 |    78 ||   234
Dodge: Dodged            |    22 |    76 |    50 ||   148
Block: Kite shield       |       |    14 |    88 ||   102

Table legend: (Time is in decaauts)
 A = Elapsed time spent in this place.
 B = Non-inter-level travel time spent in this place.
 C = Inter-level travel time spent in this place.
 D = Time resting spent in this place.
 E = Time spent auto-exploring this place.
 F = Levels seen in this place.
 G = Mean time per level.
                   A        B        C        D        E       F      G
               +--------+--------+--------+--------+--------+-----+--------+
         Total |   6204 |   6085 |    119 |   1444 |   3501 |   7 |  886.3 |
       Dungeon |   6002 |   5883 |    119 |   1444 |   3351 |   6 | 1000.3 |
         Abyss |    202 |    202 |      0 |      0 |    150 |   1 |  202.0 |
               +--------+--------+--------+--------+--------+-----+--------+

Top non-repeatable levels by time:
     D:3: 1548 daAuts
     D:5: 1011 daAuts
     D:4: 984 daAuts
     D:2: 962 daAuts
     D:6: 912 daAuts
     D:1: 583 daAuts
 Abyss:1: 202 daAuts
